Map: Blackpink LE

Players

Leenock - Winner!

  • Race: Zerg Zerg
  • Spawn Location: 1:00

Bistork

  • Race: Protoss Protoss
  • Spawn Location: 7:00

Event: IEM Season 12 - Katowice

VOD

Have the link to the VOD?

Description

Time

  • Played on: Feb. 26, 2018, 9:05 a.m.
  • Length: 10:19

All games in this series

Show
View Real Time Build Order
Export as new Build Order

Leenock Zerg - Winner!

Build Orders: Hatch First 

Get SALT Encoding   

  12  0:00  Drone  
  13  0:12  Overlord  
  13  0:17  Drone  
  14  0:30  Drone x2  
  14  0:35  Drone  
  17  0:52  Hatchery  
  17  0:54  Drone  
  17  0:58  Drone  
  18  1:07  Extractor  
  17  1:13  Spawning Pool  
  17  1:15  Drone  
  17  1:18  Drone  
  18  1:27  Drone  
  19  1:47  Drone  
  20  1:49  Drone  
  21  2:03  Queen x2  
  21  2:04  Zergling x4  
  27  2:08  Metabolic Boost  
  27  2:18  Drone, Overlord  
  28  2:36  Drone x3  
  31  2:39  Queen, Zergling x2  
  34  2:48  Hatchery  
  33  2:53  Evolution Chamber  
  33  2:54  Zergling x2  
  33  2:56  Drone  
  34  3:01  Drone x2  
  36  3:05  Overlord  
  36  3:11  Overlord  
  36  3:24  Drone x4  
  36  3:25  Drone  
  36  3:26  Drone  
  42  3:33  Queen  
  44  3:34  Drone  
  44  3:36  Drone  
  46  3:42  Drone  
  46  3:44  Drone  
  46  3:47  Drone x2  
  46  3:48  Overlord  
  50  3:52  Spore Crawler  
  50  3:55  Spore Crawler  
  48  4:01  Overlord  
  48  4:02  Drone x2  
  49  4:12  Drone  
  49  4:16  Drone x3  
  53  4:19  Drone x2  
  53  4:21  Spore Crawler  
  53  4:22  Drone x4  
  53  4:23  Drone x2  
  60  4:26  Drone  
  60  4:30  Overlord  
  61  4:33  Lair  
  61  4:38  Queen  
  61  4:41  Zerg Melee Weapons Level 1  
  61  4:44  Extractor  
  62  4:46  Extractor  
  62  4:48  Baneling Nest  
  60  4:53  Drone  
  60  4:54  Drone x4  
  60  4:56  Zergling x8  
  60  4:58  Zergling x2  
  60  4:59  Zergling x2  
  71  5:01  Zergling x4  
  71  5:05  Zergling x2  
  74  5:09  Overlord x2  
  73  5:22  Zergling x2  
  73  5:23  Overlord  
  73  5:36  Hydralisk Den  
  73  5:37  Zergling x20  
  73  5:38  Zergling x2  
  82  5:44  Drone x2  
  82  5:45  Drone x3  
  82  5:47  Centrifical Hooks  
  82  5:48  Extractor  
  86  5:52  Drone x2  
  86  5:53  Drone x2  
  86  5:54  Drone  
  86  5:55  Drone  
  91  6:03  Baneling  
  91  6:04  Overlord, Baneling x5  
  90  6:05  Hydralisk x2  
  90  6:07  Zergling x4  
  90  6:08  Hatchery  
  95  6:13  Overlord  
  95  6:14  Overlord  
  93  6:29  Zergling x2  
  93  6:30  Zergling x16  
  97  6:46  Hydralisk x6  
  100  6:47  Queen  
  100  6:51  Hydralisk  
  100  6:53  Zergling x8  
  91  7:01  Hydralisk x2  
  91  7:05  Zergling x2  
  91  7:07  Queen x2  
  100  7:11  Extractor  
  100  7:14  Zergling x2  
  100  7:15  Zergling x2  
  101  7:17  Baneling x6  
  101  7:20  Zergling x10  
  101  7:22  Queen, Hydralisk  
  108  7:23  Queen  
  108  7:24  Zergling x2  
  106  7:45  Overlord  
  106  7:47  Drone x10  
  106  7:48  Overlord  
  106  7:49  Grooved Spines  
  106  7:50  Zergling x4  
  118  7:51  Drone, Zerg Melee Weapons Level 2  
  118  7:55  Overlord x2  
  118  7:56  Overlord  
  112  8:09  Drone x3  
  112  8:10  Drone x2  
  117  8:15  Overseer, Pneumatized Carapace  
  117  8:22  Overlord  
  117  8:23  Overlord x2  
  117  8:31  Hydralisk x7  
  117  8:33  Hydralisk  
  133  8:35  Extractor  
  132  8:44  Hydralisk x4  
  140  8:52  Hydralisk  
  140  8:53  Zergling x4  
  144  9:00  Zergling x22, Muscular Augments  
  154  9:04  Baneling x8  
  154  9:08  Zergling x4  
  154  9:09  Zergling x6  
  159  9:10  Zergling x6  
  159  9:13  Zergling x4  
  159  9:14  Overlord  
  140  9:33  Zergling x14  
  140  9:35  Zergling x4  
  140  9:36  Zergling x2  
  149  9:44  Zergling x14  
  151  9:46  Zergling x8  
  151  9:47  Zergling x4  
  151  9:48  Zergling x2  
  151  9:51  Baneling x4  
  151  9:52  Baneling x11  
  158  9:53  Zergling x4  
  158  9:58  Zergling x2  
  158  9:59  Zergling x2  
  162  10:02  Zergling x4  
  151  10:17  Hatchery  
Show
View Real Time Build Order
Export as new Build Order

Bistork Protoss 

Build Orders: 1 Gate Expand, Oracle Opening, Phoenix Opening, Zealot Archon, Archon Drop 

Get SALT Encoding   

  12  0:00  Probe  
  13  0:13  Probe  
  14  0:18  Pylon  
  14  0:25  Probe (Chrono Boost)  
  15  0:37  Probe (Chrono Boost)  
  15  0:39  Gateway  
  16  0:46  Probe (Chrono Boost)  
  16  0:47  Assimilator  
  17  0:51  Probe  
  18  1:03  Probe  
  19  1:23  Nexus  
  20  1:25  Probe  
  20  1:36  Cybernetics Core  
  20  1:39  Probe  
  21  1:47  Assimilator  
  21  1:51  Probe  
  22  1:55  Pylon  
  22  2:00  Pylon  
  22  2:04  Probe  
  23  2:13  Adept (Chrono Boost)  
  25  2:16  Probe  
  26  2:25  Stargate  
  26  2:29  Warp Gate  
  26  2:31  Probe (Chrono Boost)  
  26  2:36  Adept  
  29  2:40  Probe (Chrono Boost)  
  30  2:50  Probe (Chrono Boost)  
  30  2:51  Probe (Chrono Boost)  
  32  2:56  Probe x2 (Chrono Boost)  
  34  3:07  Phoenix (Chrono Boost)  
  34  3:08  Probe, Adept  
  39  3:13  Probe  
  40  3:20  Probe  
  40  3:24  Gateway  
  40  3:26  Oracle (Chrono Boost)  
  41  3:31  Probe  
  45  3:35  Shield Battery  
  45  3:38  Probe  
  46  3:43  Pylon  
  46  3:54  Assimilator  
  46  3:55  Assimilator  
  46  4:01  Probe x2  
  48  4:06  Twilight Council  
  48  4:12  Robotics Facility  
  48  4:14  Probe x2  
  50  4:26  Probe x2  
  50  4:30  Gateway  
  52  4:31  Gateway  
  52  4:38  Probe x2  
  54  4:43  Templar Archives  
  54  4:47  Charge (Chrono Boost)  
  54  4:56  Pylon x2  
  54  5:05  Gateway  
  54  5:06  Gateway  
  58  5:14  Probe x2, Warp Prism (Chrono Boost)  
  58  5:25  Nexus  
  58  5:26  Probe  
  59  5:34  Pylon  
  59  5:40  Adept x3  
  61  5:47  Gateway  
  61  5:48  Gateway  
  55  6:02  Pylon  
  55  6:03  Probe  
  55  6:07  High Templar x4  
  55  6:09  Zealot x2  
  55  6:11  Archon x2  
  67  6:18  Pylon  
  67  6:19  Pylon  
  67  6:21  Pylon  
  67  6:25  Gateway  
  67  6:32  Zealot x2  
  66  6:47  Zealot x5  
  66  6:51  Zealot  
  48  7:10  High Templar  
  48  7:11  High Templar x3  
  48  7:12  Zealot x4  
  48  7:13  Probe  
  65  7:16  Archon x2, Nexus  
  65  7:17  Pylon  
  65  7:24  Pylon  
  65  7:28  High Templar x2  
  69  7:30  Zealot  
  69  7:32  Archon  
  57  7:45  High Templar x2  
  57  7:46  Zealot x3  
  57  7:47  Probe x2  
  57  7:49  Archon  
  65  8:06  High Templar x2  
  65  8:07  Zealot x4  
  65  8:11  Shield Battery  
  65  8:12  Archon  
  77  8:20  Zealot x2  
  77  8:22  Immortal (Chrono Boost)  
  77  8:27  Psionic Storm  
  85  8:32  Zealot  
  85  8:33  Zealot x2  
  85  8:34  Zealot  
  93  8:41  Probe x3  
  96  8:53  Probe  
  97  9:02  Zealot x2, High Templar x2  
  101  9:03  Zealot x3  
  101  9:07  Zealot, Archon  
  113  9:12  Probe x3  
  76  9:34  Probe, High Templar  
  76  9:35  High Templar  
  73  9:47  Zealot x6  
  73  9:48  Probe x2  
  73  9:50  Probe, Assimilator  
  88  9:55  Assimilator  
  88  9:56  Forge  
  92  10:05  Probe x2  
  92  10:06  Probe  
  95  10:12  Zealot x4, Archon  
  95  10:13  Zealot  
  93  10:17  Zealot x4  

Tags
 
Add a new tag
Caveats
  • Supply blocks, unpowered buildings, or Contaminate may cause inaccurate times.
  • Supply counts are checked every 10 seconds.